 Dungeon Crawl Stone Soup version 0.22-a0-346-ga714374 (webtiles) character file.

67 Amnesiac the Cutter (level 3, 0/18 HPs)
             Began as a Spriggan Gladiator on Apr 6, 2018.
             Slain by an orc
             ... wielding a +0 hand axe
              (7 damage)
             ... on level 3 of the Dungeon.
             The game lasted 00:02:38 (1719 turns).

Amnesiac the Cutter (Spriggan Gladiator)            Turns: 1719, Time: 00:02:39

Health: 0/18       AC:  2    Str: 11    XL:     3   Next: 98%
Magic:  4/4        EV: 20    Int:  9    God:
Gold:   127        SH:  0    Dex: 17    Spells: 2/2 levels left

rFire    . . .     SeeInvis +   a - +0 rapier
rCold    . . .     Gourm    .   (shield restricted)
rNeg     . . .     Faith    .   b - +0 robe
rPois    .         Spirit   .   c - +0 hat
rElec    .         Reflect  .   (no cloak)
rCorr    .         Harm     .   (gloves unavailable)
MR       .....                  (boots unavailable)
Stlth    ++........             (no amulet)
HPRegen  0.06/turn              (no ring)
MPRegen  0.09/turn              (no ring)

@: very quick
A: very small, unfitting armour, see invisible, herbivore, speed 3, slow
metabolism 2
a: no special abilities


You were on level 3 of the Dungeon.
You were not hungry.

You visited 1 branch of the dungeon, and saw 3 of its levels.

You collected 127 gold pieces.

Inventory:

Hand Weapons
 a - a +0 rapier (weapon)
Missiles
 d - 3 throwing nets (quivered)
 g - 20 poisoned needles
 j - 148 stones
Armour
 b - a +0 robe (worn)
 c - a +0 hat (worn)
Scrolls
 i - 3 scrolls of identify {!r, unknown}
 l - a scroll of enchant armour {!r, unknown}
 m - a scroll of magic mapping {!r, unknown}
 n - a scroll of random uselessness {!r, unknown}
 p - a scroll of remove curse {!r, unknown}
Potions
 e - a potion of haste {!q, unknown}
 h - a potion of brilliance {!q, unknown}
 k - a potion of heal wounds {!q, unknown}
 o - a potion of magic {!q, unknown}
Comestibles
 f - 3 rations


   Skills:
 - Level 1.5 Fighting
 + Level 5.4 Short Blades
 - Level 2.0 Throwing
 - Level 4.4 Dodging


You had 2 spell levels left.
You didn't know any spells.

Dungeon Overview and Level Annotations

Branches:
Dungeon (3/15)

Altars:
Cheibriados
Vehumet

Annotations:
D:2 Terence


Innate Abilities, Weirdness & Mutations

You are very small and have problems with some larger weapons.
You are too small for most types of armour.
You have supernaturally acute eyesight. (SInv)
You are a herbivore.
You cover ground extremely quickly.
You need to consume almost no food.


Message History

The kobold shouts!
You hear a shout!
The kobold throws a stone.
The stone misses you.
The kobold shouts!
You hear a shout!
The kobold throws a stone.
The stone hits you but does no damage.
You see here a stone.
You swing at nothing.
You swing at nothing.
You swing at nothing.
You swing at nothing.
The kobold throws a stone.
The stone hits you but does no damage.
You swing at nothing.
The kobold throws a stone.
The stone closely misses you.
You swing at nothing.
You swing at nothing.
You hit the kobold but do no damage. The kobold barely misses you.
You hit the kobold.
You kill the kobold!
The kobold throws a stone.
The stone barely misses you.
You swing at nothing.
You closely miss the kobold. The kobold barely misses you.
You hit the kobold.
You kill the kobold!
You swing at nothing.
You swing at nothing.
You start resting.
HP restored.
You start resting.
j - 145 stones (gained 2)
j - 146 stones (gained 1)
You see here a short sword.
j - 147 stones (gained 1)
You see here a short sword.
j - 148 stones (gained 1)
An orc comes into view. It is wielding a falchion.
The orc shouts!
An orc is nearby!
An orc is nearby!
An orc comes into view. It is wielding a hand axe.
A dart slug comes into view.
The orc shouts!
You hit the orc.
The orc is severely wounded.
The orc barely misses you.
You hit the orc but do no damage.
The orc is severely wounded.
You closely miss the orc.
The orc is severely wounded.
The orc hits you but does no damage.
You hit the orc.
The orc is almost dead.
The orc misses you.
You hit the orc.
You kill the orc!
The orc hits you with a hand axe. The dart slug barely misses you.
You puncture the dart slug!
The dart slug is severely wounded.
The orc hits you with a hand axe.
* * * LOW HITPOINT WARNING * * *
The dart slug completely misses you.
You hit the dart slug.
You kill the dart slug!
You hit the orc but do no damage. The orc misses you.
The orc hits you with a hand axe!
You die...

.#.# .#.#.....#
.....#..#
#.#..#..#
#....#..###
#.........##
######......#<..#
................#
........@######)#
.......o.# #.#
..P......# #.#
...P.P...# #.#
...#.#...######.##
.................#
##.####.#########
.. ...# .. .....#


You could see an orc.

Vanquished Creatures
  A gnoll (D:2)
  An ooze (D:1)
  2 dart slugs
  A leopard gecko (D:1)
  An orc (D:3)
  2 giant cockroaches (D:1)
  2 goblins
  4 hobgoblins
  4 jackals (D:1)
  6 kobolds
  A quokka (D:2)
  2 ball pythons
  8 bats
  3 frilled lizards
  A leopard gecko skeleton (D:2)
  7 rats
46 creatures vanquished.

Notes
Turn   | Place    | Note
-------+----------+-------------------------------------------
     0 | D:1      | Amnesiac the Spriggan Gladiator began the quest for the Orb.
     0 | D:1      | Reached XP level 1. HP: 10/10 MP: 2/2
    73 | D:1      | Reached XP level 2. HP: 3/14 MP: 3/3
    87 | D:1      | Reached skill level 4 in Short Blades
   598 | D:1      | Reached XP level 3. HP: 18/18 MP: 4/4
   998 | D:2      | Found a radiant altar of Vehumet.
  1089 | D:2      | Found a snail-covered altar of Cheibriados.
  1166 | D:2      | Reached skill level 5 in Short Blades
  1326 | D:2      | Noticed Terence
  1719 | D:3      | Slain by an orc

Vault maps used:
D:1:      dpeg_arrival_rooms_with_view
D:2:      cheibriados_altar_1, lemuel_crystal_altar, uniq_terence
D:3:      serial_undead, serial_undead_f, serial_undead_e, serial_undead_f,
          serial_undead_b, uniq_robin

Skill      XL: |  1  2  3 |
---------------+----------+-----
Short Blades   | 4 5 |  5.4
Fighting       | |  1.5
Throwing       | |  2.0
Dodging        | |  4.4

Action                   || total
-------------------------++-------
Melee: Rapier            ||   145
Throw: Throwing net      ||     1
 Stab: Sleeping          ||     3
Armor: Robe              ||    12
Dodge: Dodged            ||   130

Table legend:
 A = Spawn XP
 B = Non-spawn XP
 C = Spawn XP percentage of total XP
 D = Spawn monster count
 E = Non-spawn monster count
 F = Spawn count percentage of total count
 G = Total turns spent on level
                    A         B        C        D         E        F      G
               +---------+---------+-------+---------+---------+-------+---------
         Total |       0 |      96 |   0.0 |       0 |      46 |   0.0 |  1719
               +---------+---------+-------+---------+---------+-------+---------
           D:1 |       0 |      48 |   0.0 |       0 |      26 |   0.0 |  1016
           D:2 |       0 |      38 |   0.0 |       0 |      16 |   0.0 |   515
           D:3 |       0 |      10 |   0.0 |       0 |       4 |   0.0 |   188
               +---------+---------+-------+---------+---------+-------+---------
